 Dungeon Crawl Stone Soup version 0.28.0 (webtiles) character file.

Game seed: 7479513569032793059

5334 AmazingTV the Covert (level 10, 0/46 (51) HPs)
             Began as a Spriggan Brigand on June 23, 2022.
             Was a Priest of Elyvilon.
             Slain by a wight (3 damage)
             ... on level 8 of the Dungeon.
             The game lasted 00:51:15 (15548 turns).

AmazingTV the Covert (Spriggan Brigand)            Turns: 15548, Time: 00:51:15

HP:   0/46 (51)     AC:  5    Str: 11    XL:     10   Next: 38%
MP:   11/11         EV: 25    Int: 14    God:    Elyvilon [***...]
Gold: 354           SH:  0    Dex: 16    Spells: 9/9 levels left

rFire   . . .      SeeInvis +   I - +0 rapier
rCold   . . .      Faith    .   (no shield)
rNeg    . . .      Spirit   .   w - +2 robe "Dauruof" {Rampage +Inv rCorr}
rPois   .          Reflect  .   (helmet restricted)
rElec   .          Harm     .   c - +0 cloak
rCorr   +          Rampage  +   (gloves unavailable)
Will    +....                   (boots unavailable)
Stlth   +++++.....              P - amulet of magic regeneration
HPRegen 0.15/turn               o - +4 ring of evasion
MPRegen 0.52/turn               (no ring)

@: drained, very quick
A: very small, no large weapons, unfitting armour, see invisible, speed 3
a: Renounce Religion, Evoke Invisibility, Purification, Heal Other, Heal Self


You were on level 8 of the Dungeon.
You worshipped Elyvilon.
Elyvilon was most pleased with you.
You visited 2 branches of the dungeon, and saw 9 of its levels.
You also visited: Sewer.

You collected 396 gold pieces.
You spent 42 gold pieces at shops.

Inventory:

Hand Weapons
 a - a +1 dagger of venom
 b - a +0 hunting sling
 C - a +2 dagger
 I - a +0 rapier (weapon)
 K - a +0 shortbow of freezing
 M - a +2 short sword of flaming
Missiles
 d - 94 poisoned darts (quivered)
 e - 4 curare-tipped darts
 h - 177 stones
 s - 33 sling bullets
 A - 60 arrows
Armour
 c - a +0 cloak (worn)
 i - a +0 robe
 w - the +2 robe "Dauruof" (worn) {Rampage +Inv rCorr}
   (You found it on level 4 of the Dungeon)

   +Inv:      It lets you turn invisible.
   rCorr:     It protects you from acid and corrosion.
   Rampage:   It bestows one free step when moving towards enemies.
Jewellery
 o - a +4 ring of evasion (left hand)
 P - an amulet of magic regeneration (around neck)
Wands
 z - a wand of flame (18)
 F - a wand of digging (10)
 G - a wand of iceblast (24)
 N - a wand of charming (9)
Scrolls
 g - 6 scrolls of identify {unknown}
 l - 3 scrolls of magic mapping {unknown}
 n - 2 scrolls of amnesia {unknown}
 u - 10 scrolls of teleportation
 v - a scroll of noise {unknown}
 x - 3 scrolls of fear {unknown}
 y - a scroll of immolation {unknown}
 B - a scroll of enchant weapon {unknown}
 H - a scroll of vulnerability {unknown}
 L - a scroll of brand weapon {unknown}
 O - a scroll of fog {unknown}
Potions
 f - 5 potions of haste {unknown}
 j - a potion of flight {unknown}
 k - 2 potions of attraction {unknown}
 m - 3 potions of mutation {unknown}
 p - a potion of degeneration {unknown}
 q - 3 potions of heal wounds
 r - a potion of brilliance {unknown}
 t - 2 potions of cancellation {unknown}
 D - a potion of magic {unknown}
 E - 3 potions of curing {unknown}
 J - a potion of berserk rage {unknown}
 Q - a potion of resistance {unknown}


   Skills:
 + Level 5.3 Fighting
 + Level 7.0 Short Blades
 + Level 7.0(8.1) Slings
 + Level 3.2 Bows
 - Level 5.1(6.4) Throwing
 + Level 8.0 Dodging
 + Level 11.1 Stealth
 + Level 6.1 Evocations


You had 9 spell levels left.
You didn't know any spells.
Your spell library contained the following spells:

 Spells                   Type           Power      Damage    Failure   Level
 Blink                    Tloc           0%         N/A       41%         2
 Manifold Assault         Tloc           0%         N/A       100%        5
 Storm Form               Tmut/Air       0%         N/A       100%        7


Dungeon Overview and Level Annotations

Branches:
Dungeon (8/15)             Temple (1/1) D:5           Sewer (visited)
   Lair: D:8-11

Altars:
Ashenzari
Cheibriados
Dithmenos
Elyvilon
Fedhas
Gozag
Hepliaklqana
Kikubaaqudgha
Makhleb
Nemelex Xobeh
Okawaru
Qazlal
Ru
Sif Muna
Uskayaw
Vehumet
Wu Jian
Xom
Yredelemnul
Zin
The Shining One

Shops:
D:5 [=((   D:6 *

Portals:
Abyss: D:5

Annotations:
D:5 2 transporters, Dorkslayer's ghost, novice OpFi


Innate Abilities, Weirdness & Mutations

You are very small and have problems with some larger weapons.
You are too small for most types of armour.
You have supernaturally acute eyesight. (SInv)
You cover ground extremely quickly. (Speed+++)


Message History

The wight is heavily damaged.
The wight misses you.
You hit the wight but do no damage.
The wight is heavily damaged.
The wight closely misses you.
You hit the wight but do no damage.
The wight is heavily damaged.
The wight misses you.
You hit the wight.
The wight is severely damaged.
The wight misses you.
You hit the wight but do no damage.
The wight is severely damaged.
The wight misses you.
You hit the wight.
The wight is severely damaged.
The wight misses you.
You hit the wight but do no damage.
The wight is severely damaged.
You hit the wight.
The wight is almost destroyed.
The wight completely misses you.
You hit the wight but do no damage.
The wight is almost destroyed.
The wight barely misses you.
You barely miss the wight.
The wight is almost destroyed.
The wight hits you with a +2 spear!
You feel drained.
You hit the wight but do no damage.
The wight is almost destroyed.
The wight hits you with a +2 spear.
* * * LOW HITPOINT WARNING * * *
You feel drained.
* * * LOW HITPOINT WARNING * * *
You hit the wight.
The wight is almost destroyed.
The wight hits you with a +2 spear!
* * * LOW HITPOINT WARNING * * *
You feel drained.
You die...

#.##......## #.##....
#.###.##.## #.##.###
#.# ###..# #.##.###
#.# #.## #....... #.#
#.# ####.### #.# #.#
#..))### #.# #.#
##.#...).
#.#####.######......>.
#(<)z@.......[<#)#....
#######..........#####
############


You could see a wight.

Vanquished Creatures
  Pikel (D:8)
  Maggie (D:6)
  A slime creature (D:8)
  A hornet (D:8)
  Grinder (D:3)
  Prince Ribbit (D:6)
  Eustachio (D:6)
  Duvessa (D:4)
  2 ice beasts (D:6)
  A necrophage (D:6)
  2 centaurs (D:6)
  3 ogres
  A phantom (D:6)
  A lemure (D:8)
  12 kobold brigands
  5 bullfrogs
  A wyvern zombie (D:8)
  A scorpion (D:5)
  A wyvern skeleton (D:6)
  2 water moccasin skeletons
  Dowan (D:4)
  3 killer bees (D:8)
  2 wights (D:8)
  A bullfrog zombie (D:7)
  A centaur zombie (D:7)
  2 jellies
  A gnoll shaman (D:8)
  A centaur skeleton (D:4)
  Crazy Yiuf (D:2)
  3 hounds
  5 orc priests
  A bullfrog skeleton (D:5)
  An iguana (D:6)
  6 orc wizards
  2 killer bee zombies
  A hound zombie (D:5)
  A hound skeleton (D:5)
  A howler monkey zombie (D:7)
  13 gnolls
  10 adders
  5 river rats (Sewer)
  2 adder zombies (D:4)
  An adder skeleton (D:5)
  4 worms (Sewer)
  A dart slug (D:1)
  14 orcs
  14 endoplasms
  5 giant cockroaches
  4 goblins
  4 hobgoblins (D:1)
  2 jackals (D:1)
  34 kobolds
  3 quokkas
  9 ball pythons
  3 bats
  3 frilled lizards
  A quokka zombie (D:4)
  10 rats
216 creatures vanquished.

Vanquished Creatures (others)
  A kobold (D:7)
  9 fungi (D:8)
  7 toadstools (D:8)
17 creatures vanquished.

Grand Total: 233 creatures vanquished

Notes
Turn   | Place    | Note
-------+----------+-------------------------------------------
     0 | D:1      | AmazingTV the Spriggan Brigand began the quest for the Orb.
     0 | D:1      | Reached XP level 1. HP: 10/10 MP: 2/2
   200 | D:1      | Reached skill level 6 in Stealth
   210 | D:1      | Reached XP level 2. HP: 15/15 MP: 3/3
   284 | D:1      | Found a faded altar of an unknown god.
   886 | D:1      | Reached XP level 3. HP: 18/18 MP: 4/4
  1156 | D:2      | Found a runed translucent door.
  1157 | D:2      | Noticed Crazy Yiuf
  1180 | D:2      | Killed Crazy Yiuf
  1181 | D:2      | Reached skill level 1 in Slings
  1181 | D:2      | Reached XP level 4. HP: 19/23 MP: 5/5
  2500 | D:3      | Noticed an ogre
  2507 | D:3      | Killed an ogre
  2508 | D:3      | Reached XP level 5. HP: 27/27 MP: 6/6
  2566 | D:3      | Noticed Grinder
  2578 | D:3      | Killed Grinder
  2579 | D:3      | Reached skill level 7 in Stealth
  2579 | D:3      | Reached XP level 6. HP: 32/32 MP: 7/7
  2837 | D:4      | Noticed Duvessa
  2837 | D:4      | Noticed Dowan
  3043 | D:4      | Killed Duvessa
  3044 | D:4      | Reached XP level 7. HP: 25/36 MP: 8/8
  3381 | D:4      | Identified the +2 robe "Dauruof" {Rampage +Inv rCorr}
  4462 | D:5      | Entered Level 5 of the Dungeon
  4752 | D:5      | Found Boh Loh's Weapon Shoppe.
  5024 | D:5      | Reached skill level 8 in Stealth
  5072 | D:5      | Found a staircase to the Ecumenical Temple.
  5081 | Temple   | Entered the Ecumenical Temple
  5177 | Temple   | Became a worshipper of Elyvilon the Healer
  5223 | D:5      | Found a transporter.
  5230 | D:5      | Noticed an ancient zyme
  5242 | D:5      | Found a one-way gate to the infinite horrors of the Abyss.
  5242 | D:5      | Noticed Dorkslayer's ghost (novice OpFi)
  5274 | D:5      | Found a transporter.
  5390 | D:5      | Found Plog's Jewellery Shoppe.
  5396 | D:5      | Found Ukyebb's Antique Weapon Shop.
  5436 | D:5      | Reached skill level 5 in Dodging
  5436 | D:5      | Reached skill level 1 in Evocations
  5436 | D:5      | Reached XP level 8. HP: 40/40 MP: 9/9
  6488 | D:5      | Found Ozoiduma's Armour Shoppe.
  7038 | D:4      | Killed Dowan
  7265 | D:6      | Reached * piety under Elyvilon
  7271 | D:6      | Reached skill level 5 in Short Blades
  7307 | D:6      | Found a glowing drain.
  7357 | Sewer    | Entered a sewer
  7926 | Sewer    | Reached skill level 5 in Slings
  7926 | Sewer    | Reached skill level 9 in Stealth
  8742 | Sewer    | Reached XP level 9. HP: 45/45 MP: 10/10
  8833 | D:6      | Reached skill level 5 in Throwing
  8902 | D:6      | Noticed Maggie
  8909 | D:6      | Noticed Eustachio
  8921 | D:6      | HP: 2/45 [wyvern skeleton (13)]
  8922 | D:6      | Elyvilon protects you from harm!
  8926 | D:6      | Elyvilon protects you from harm!
  8926 | D:6      | Elyvilon protects you from harm!
  8930 | D:6      | Killed Maggie
  8958 | D:6      | Found Bywn's General Store.
  8962 | D:6      | Reached ** piety under Elyvilon
  9293 | D:6      | Killed Eustachio
  9756 | D:6      | Bought a scroll of teleportation for 42 gold pieces
  9766 | D:6      | Noticed Prince Ribbit
  9773 | D:6      | Killed Prince Ribbit
  9774 | D:6      | Reached skill level 10 in Stealth
 10582 | D:7      | Reached skill level 1 in Bows
 11159 | D:7      | Reached skill level 5 in Evocations
 11861 | D:7      | Reached skill level 5 in Fighting
 12953 | D:8      | Reached *** piety under Elyvilon
 12978 | D:8      | Reached XP level 10. HP: 47/51 MP: 11/11
 13299 | D:8      | Found a snail-covered altar of Cheibriados.
 13301 | D:8      | Found a sparkling altar of Nemelex Xobeh.
 13302 | D:8      | Found a shadowy altar of Dithmenos.
 13318 | D:8      | Found a stormy altar of Qazlal.
 13323 | D:8      | Found an ancient bone altar of Kikubaaqudgha.
 15006 | D:8      | Noticed Pikel
 15044 | D:8      | Killed Pikel
 15045 | D:8      | Reached skill level 11 in Stealth
 15548 | D:8      | Slain by a wight

Illustrated notes

Levels and vault maps discovered:
D:1:      heliophobic_arrival_henge, layout_loops_corners,
          shapermc_ecumenical_altar_ellora, minmay_cupped
D:2:      layout_loops_cross, uniq_crazy_yiuf_cottage
D:3:      layout_loops_cross, uniq_grinder
D:4:      layout_loops_ring, serial_undead, serial_undead_a, serial_undead_e,
          serial_undead_e, serial_undead_e, uniq_duvessa, uniq_menkaure
D:5:      layout_gridville, minmay_temple_entry_slanted,
          gammafunk_ghost_abyssal_escape, serial_shops, shop,
          nicolae_shop_waterfront, nicolae_inconvenience_store,
          nicolae_shop_stone
D:6:      layout_cave_pools, serial_shops, shop_fountains, gup_sewer_entry_pipe,
          uniq_maggie, uniq_eustachio, uniq_prince_ribbit1
D:7:      layout_cave_pods
D:8:      cheibrodos_fertilizer, layout_loops_ring,
          minmay_overflow_temple_star_hex, chequers_serial_rivers_micro_c,
          uniq_pikel
Temple:   compressed_dpeg_circular_temple

Skill      XL: |  1  2  3  4  5  6  7  8  9 10 |
---------------+-------------------------------+-----
Stealth        | 6 7 8 9 10 11 | 11.1
Dodging        | 2 3 4 5 6 7 8 |  8.0
Fighting       | 2 3 4 5 |  5.3
Slings         | 1 2 3 4 5 6 7 |  7.0
Short Blades   | 3 4 5 6 7 |  7.0
Throwing       | 3 4 5 |  5.1
Evocations     | 1 3 5 6 |  6.1
Bows           | 2 3 |  3.2

Action                   |  1- 3 |  4- 6 |  7- 9 | 10-12 || total
-------------------------+-------+-------+-------+-------++-------
Melee: Dagger            |    78 |   108 |  1034 |    96 ||  1316
       Punch             |     1 |     1 |    16 |     4 ||    22
       Rapier            |       |       |       |    98 ||    98
 Fire: Hunting sling     |       |     4 |     2 |       ||     6
Throw: Dart              |     4 |    15 |    29 |     8 ||    56
Invok: Purification      |       |       |       |     1 ||     1
 Abil: Evoke Invisibilit |       |       |     1 |       ||     1
  Use: Scroll            |       |       |     1 |       ||     1
 Stab: Sleeping          |    15 |    11 |    26 |     5 ||    57
       Distracted        |       |     2 |     2 |       ||     4
       Invisible         |       |       |     1 |       ||     1
Armor: Robe              |     4 |     3 |    76 |     4 ||    87
Dodge: Dodged            |    43 |    69 |   768 |   129 ||  1009
